 Dungeon Crawl Stone Soup version 0.23.2-33-g5129a83184 (webtiles) character file.

Game seed: 14909234171531100

389 Derp the Chopper (level 6, -1/53 HPs)
             Began as a Hill Orc Fighter on July 11, 2019.
             Slain by a scorpion (4 damage)
             ... on level 3 of the Dungeon.
             The game lasted 00:16:32 (2653 turns).

Derp the Chopper (Hill Orc Fighter)                 Turns: 2653, Time: 00:16:32

Health: -1/53      AC:  8    Str: 26    XL:     6   Next: 79%
Magic:  6/6        EV:  8    Int:  8    God:
Gold:   167        SH: 10    Dex: 10    Spells: 5/5 levels left

rFire    . . .     SeeInvis .   h - +1 mace (protect)
rCold    . . .     Gourm    .   c - +0 shield
rNeg     . . .     Faith    .   b - +1 scale mail
rPois    .         Spirit   .   (no helmet)
rElec    .         Reflect  .   (no cloak)
rCorr    .         Harm     .   (no gloves)
MR       .....                  (no boots)
Stlth    ..........             (no amulet)
HPRegen  0.17/turn              (no ring)
MPRegen  0.10/turn              (no ring)

@: mighty, lethally poisoned (-1 -> -2)
A: no striking features
a: no special abilities


You were on level 3 of the Dungeon.
You were not hungry.

You visited 1 branch of the dungeon, and saw 5 of its levels.

You collected 167 gold pieces.

Inventory:

Hand Weapons
 a - a +0 war axe
 h - a +1 mace of protection (weapon)
Armour
 b - a +1 scale mail (worn)
 c - a +0 shield (worn)
Jewellery
 l - an uncursed ring of protection from cold {unknown}
 o - an uncursed ring of protection from magic {unknown}
Scrolls
 j - a scroll of teleportation {unknown}
 k - 2 scrolls of amnesia
 m - 4 scrolls of identify
Potions
 e - a potion of magic {unknown}
 g - 2 potions of haste {unknown}
 i - a potion of agility {unknown}
 n - a potion of flight {unknown}
 p - a potion of curing {unknown}
 q - a potion of lignification {unknown}
Comestibles
 f - 5 rations


   Skills:
 + Level 4.3 Fighting
 + Level 5.5(5.8) Axes
 + Level 1.7(3.4) Maces & Flails
 + Level 4.5 Armour
 + Level 1.2 Dodging
 + Level 0.1 Stealth
 + Level 4.9 Shields


You had 5 spell levels left.
You didn't know any spells.
Your spell library was empty.

Dungeon Overview and Level Annotations

Branches:
Dungeon (5/15)
 Temple: D:4-7

Altars:
Ashenzari
Cheibriados
Kikubaaqudgha
Makhleb
Xom


Message History

You feel sick.
You feel sick.
You hear the rapid rusting of a distant drain.
You feel sick.
You hear the drain falling apart.
You feel sick.
You feel sick.
You feel sick.
You feel sick.
You feel sick.
There is a stone staircase leading up here.
Your library has no spells.
You block the scorpion's attack.
You climb upwards.
You feel sick.
There is a stone staircase leading down, spattered with blood here.
You feel sick.
You drop a scroll labeled KEPSOAPEUNG.
You block the scorpion's attack.
You feel very mighty all of a sudden.
You feel sick. The scorpion stings you.
You die...

.....#
#.###......#.......#
.....#
#....#####.#.#######
.....# ##..#)#
#.#.## .....#
#...#.# #.#..#
.....######..##+##
#.##.#
.............>...#
#.[..#
.....#.#######...#
###### .....#.#
#...s.# ######.#
#####.@# ##
#.####_._#..# .#
#....#...#..# .#
#....#...#..# .##
#....##'##..# ..#
#.......#...# ..##
#......)#...# ...#
#.####......# .#.#
#.##...P....########


You could see a scorpion.

Vanquished Creatures
  Eustachio (D:4)
  A phantom (D:3)
  A crimson imp (D:3)
  6 adders
  A shadow imp (D:3)
  A worm (D:2)
  3 dart slugs
  5 leopard geckos
  4 orcs (D:3)
  3 bats
  4 giant cockroaches
  3 goblins (D:1)
  10 hobgoblins
  2 jackals (D:2)
  3 quokkas
  2 ball pythons
  3 frilled lizards
  6 kobolds
  4 rats
  2 withered plants (D:3)
65 creatures vanquished.

Notes
Turn   | Place    | Note
-------+----------+-------------------------------------------
     0 | D:1      | Derp the Hill Orc Fighter began the quest for the Orb.
     0 | D:1      | Reached XP level 1. HP: 19/19 MP: 1/1
    85 | D:1      | Reached skill level 3 in Axes
   145 | D:1      | Reached XP level 2. HP: 27/27 MP: 2/2
   466 | D:1      | Reached XP level 3. HP: 29/33 MP: 3/3
   469 | D:1      | You fall through a shaft!
   932 | D:2      | Reached skill level 4 in Axes
   932 | D:2      | Reached XP level 4. HP: 37/40 MP: 4/4
  1611 | D:3      | Found an ancient bone altar of Kikubaaqudgha.
  1768 | D:3      | Noticed a phantom
  1812 | D:3      | Killed a phantom
  1812 | D:3      | Reached skill level 5 in Axes
  1812 | D:3      | Reached XP level 5. HP: 18/46 MP: 5/5
  2251 | D:3      | Found a shimmering altar of Xom.
  2255 | D:3      | Found a burning altar of Makhleb.
  2259 | D:3      | Reached XP level 6. HP: 38/52 MP: 6/6
  2307 | D:3      | Found a snail-covered altar of Cheibriados.
  2335 | D:3      | Found a shattered altar of Ashenzari.
  2424 | D:4      | Noticed Eustachio
  2498 | D:4      | Killed Eustachio
  2498 | D:4      | Reached skill level 1 in Maces & Flails
  2498 | D:4      | Reached skill level 1 in Dodging
  2631 | D:5      | Entered Level 5 of the Dungeon
  2631 | D:5      | Noticed a sky beast
  2653 | D:3      | Slain by a scorpion

Skill      XL: |  1  2  3  4  5  6 |
---------------+-------------------+-----
Axes           | 3 4 5 |  5.5
Fighting       | 4 |  4.3
Shields        | 4 |  4.9
Armour         | 4 |  4.5
Maces & Flails | 1 |  1.7
Dodging        | 1 |  1.2
Stealth        | |  0.1

Action                   |  1- 3 |  4- 6 || total
-------------------------+-------+-------++-------
Melee: War axe           |    75 |   144 ||   219
       Mace              |       |   109 ||   109
  Use: Scroll            |       |     5 ||     5
       Potion            |       |     1 ||     1
  Eat: Ration            |       |     2 ||     2
Armor: Scale mail        |    33 |   151 ||   184
Dodge: Dodged            |    20 |    69 ||    89
Block: Shield            |    45 |   141 ||   186
